 Dungeon Crawl Stone Soup version 0.26-a0-639-g72c4674329 (webtiles) character file.

Game seed: 3758514320570315052

9794 Apogee the Cleaver (level 11, -2/99 HPs)
             Began as a Minotaur Chaos Knight on Sept 16, 2020.
             Was a Plaything of Xom.
             Shot with an arrow by a centaur (4 damage)
             ... while petrified by a basilisk
             ... on level 11 of the Dungeon.
             The game lasted 00:24:25 (12904 turns).

Apogee the Cleaver (Minotaur Chaos Knight)         Turns: 12904, Time: 00:24:27

Health: -2/99      AC: 14    Str: 18    XL:     11   Next: 27%
Magic:  10/10      EV:  2    Int: 10    God:    Xom [..*...]
Gold:   1378       SH:  0    Dex:  9    Spells: 10/10 levels left

rFire    . . .     SeeInvis .   x - +1 war axe (elec)
rCold    + . .     Faith    .   O - +0 kite shield {reflect}
rNeg     + + +     Spirit   .   J - +5 leather armour of Jirymp {rC+}
rPois    ∞         Reflect  +   (helmet unavailable)
rElec    .         Harm     .   (no cloak)
rCorr    .         Rampage  .   N - +0 pair of gloves
MR       .....                  L - +0 pair of boots
Stlth    +.........             D - amulet of the acrobat
HPRegen  0.66/turn              y - ring of wizardry
MPRegen  0.12/turn              H - +4 ring of evasion

@: petrified
A: retaliatory headbutt, horns 3, iridescent scales 1, slimy green scales 1,
clumsy 1, deformed body, deterioration 2, regeneration 1
a: Renounce Religion


You were on level 11 of the Dungeon.
You worshipped Xom.
You were a toy of Xom.
You visited 1 branch of the dungeon, and saw 11 of its levels.
You also visited: Ossuary.

You collected 1707 gold pieces.
You spent 329 gold pieces at shops.

Inventory:

Hand Weapons
 a - a +0 hand axe of chaos
 j - a +1 vorpal hand axe
   (You found it on level 2 of the Dungeon)
 x - a +1 war axe of electrocution (weapon)
   (You took it off an orc on level 4 of the Dungeon)
Missiles
 d - 350 stones (quivered)
 s - 6 javelins
Armour
 f - a +1 hat
   (You found it on level 8 of the Dungeon)
 m - a +2 tower shield
   (You found it on level 3 of the Dungeon)
 J - the +5 leather armour of Jirymp (worn) {rC+}
   (You found it on level 6 of the Dungeon)

   It protects you from cold.
 L - a +0 pair of boots (worn)
   (You found it on level 7 of the Dungeon)
 N - a +0 pair of gloves (worn)
   (You found it on level 10 of the Dungeon)
 O - a +0 kite shield of reflection (worn)
   (You took it off a gnoll sergeant on level 10 of the Dungeon)
Jewellery
 k - an uncursed ring of flight
   (You found it on level 2 of the Dungeon)
 l - an uncursed ring of protection from magic
   (You found it on level 6 of the Dungeon)
 y - a ring of wizardry (left hand)
   (You found it on level 9 of the Dungeon)
 D - an amulet of the acrobat (around neck)
   (You found it on level 4 of the Dungeon)
 H - a +4 ring of evasion (right hand)
   (You found it on level 5 of the Dungeon)
 K - an uncursed ring of resist corrosion
   (You found it on level 6 of the Dungeon)
Wands
 t - a wand of flame (39)
   (You found it on level 9 of the Dungeon)
 u - a wand of paralysis (7)
   (You took it off an orc wizard on level 10 of the Dungeon)
 v - a wand of digging (5)
   (You found it on level 10 of the Dungeon)
 z - a wand of polymorph (1)
   (You found it on level 4 of the Dungeon)
 G - a wand of enslavement (13)
   (You found it on level 5 of the Dungeon)
Scrolls
 b - 3 scrolls of blinking
 c - 6 scrolls of teleportation {@r4}
 e - 4 scrolls of magic mapping
 o - 2 scrolls of enchant armour
 p - a scroll of immolation {!r}
 q - a scroll of fear {unknown}
 B - a scroll of vulnerability {!r}
 C - a scroll of enchant weapon
 I - a scroll of remove curse {@r2}
 M - 3 scrolls of identify {@r1}
Potions
 g - 3 potions of brilliance
 h - a potion of flight {unknown}
 i - a potion of resistance {unknown}
 n - 3 potions of haste {@q3}
 r - 3 potions of degeneration {unknown}
 w - 5 potions of curing {unknown}
 A - 4 potions of heal wounds {@q2}
 E - a potion of ambrosia {unknown}
 F - 3 potions of stabbing {unknown}


   Skills:
 + Level 9.8 Fighting
 * Level 13.0 Axes
 + Level 9.5 Armour
 + Level 8.4 Dodging
 + Level 5.8 Shields


You had 10 spell levels left.
You didn't know any spells.
Your spell library contained the following spells:

 Spells                   Type           Power        Failure   Level
 Shock                    Conj/Air       #...         47%         1
 Poisonous Vapours        Pois/Air       #.....       61%         2
 Swiftness                Air            #.......     61%         2
 Conjure Flame            Conj/Fire      #.......     83%         3
 Mephitic Cloud           Conj/Pois/Air  #.......     83%         3
 Static Discharge         Conj/Air       #.......     83%         3
 Airstrike                Air            #.........   99%         4
 Lightning Bolt           Conj/Air       #.........   100%        5
 Freezing Cloud           Conj/Ice/Air   #.........   100%        6


Dungeon Overview and Level Annotations

Branches:
Dungeon (11/15)            Temple (0/1) D:5            Lair (0/6) D:11
    Orc (0/2) D:10        Ossuary (visited)

Altars:
Cheibriados
Elyvilon
Gozag
Hepliaklqana
Kikubaaqudgha
Sif Muna
Trog
Uskayaw
Wu Jian
Xom
The Shining One

Shops:
D:8 ?

Annotations:
D:11 Erolcha


Innate Abilities, Weirdness & Mutations

You reflexively headbutt those who attack you in melee.
You have a pair of large horns on your head.
You are partially covered in iridescent scales. (AC +2)
You are partially covered in slimy green scales. (AC +2)
You are clumsy. (Dex -2)
Armour fits poorly on your strangely shaped body.
Your body often deteriorates upon taking damage.
Your natural rate of healing is unusually fast.


Message History

The howler monkey hits you.
* * * LOW HITPOINT WARNING * * *
The worker ant zombie bites you.
The centaur shoots an arrow.
The arrow hits you but does no damage.
The howler monkey hits you but does no damage.
The centaur shoots an arrow.
The arrow hits you but does no damage.
A phantom comes into view.
The centaur shoots an arrow.
The arrow hits you but does no damage.
The centaur shoots an arrow.
The arrow hits you!
* * * LOW HITPOINT WARNING * * *
The centaur shoots an arrow.
The arrow hits you.
The hippogriff bites you but does no damage.
The hippogriff pecks you but does no damage.
The hippogriff claws you but does no damage.
Erolcha the Cunning comes into view.
She is wielding a +0 giant spiked club.
The centaur shoots an arrow.
The arrow hits you!
* * * LOW HITPOINT WARNING * * *
The centaur shoots an arrow.
The arrow hits you but does no damage.
The howler monkey hoots and howls with incredible vigour!
The centaur shoots an arrow.
The arrow hits you.
* * * LOW HITPOINT WARNING * * *
An orc comes into view. It is wielding a +0 dagger.
The centaur shoots an arrow.
The arrow hits you!
* * * LOW HITPOINT WARNING * * *
The howler monkey hits you but does no damage.
The worker ant zombie bites you but does no damage.
The centaur shoots an arrow.
The arrow hits you.
* * * LOW HITPOINT WARNING * * *
You hear an angry buzzing noise.
You hear an angry growl.
The centaur shoots an arrow.
The arrow hits you!
* * * LOW HITPOINT WARNING * * *
The centaur shoots an arrow.
The arrow hits you but does no damage.
The centaur shoots an arrow.
The arrow hits you.
* * * LOW HITPOINT WARNING * * *
The centaur shoots an arrow.
The arrow hits you.
* * * LOW HITPOINT WARNING * * *
The centaur shoots an arrow.
The arrow hits you but does no damage.
A sky beast comes into view.
The howler monkey hits you but does no damage.
The hippogriff bites you but does no damage.
The hippogriff pecks you but does no damage.
The hippogriff claws you but does no damage.
A killer bee comes into view.
The howler monkey hoots and howls with incredible vigour!
The worker ant zombie bites you but does no damage.
The centaur shoots an arrow.
The arrow hits you.
* * * LOW HITPOINT WARNING * * *
The centaur shoots an arrow.
The arrow hits you!
You die...
Xom snickers!

##.....###......
#....P..#...O....
#..P..P.#.......#
...............##
.....(..........#
....>...$........
.......hHZ.......
.......†@h.......
#.P..§c§#c.<.....
#..Py..c#.<......
##...c.##........
##..c# #........
..... .c......#
...... ...c..o##
.y.... ......Y.#
.#........


You could see Erolcha, a hippogriff, a sky beast, 7 centaurs, 2 howler monkeys,
2 killer bees, an orc and a worker ant zombie.

Vanquished Creatures
  A cyclops (D:9)
  An elephant (D:11)
  A gargoyle (D:10)
  2 centaur skeletons (D:10)
  A troll (D:10)
  A hornet (D:10)
  A snapping turtle (D:9)
  2 hippogriffs
  A wyvern (D:10)
  2 basilisks (D:11)
  5 sky beasts
  3 ice beasts
  3 phantoms
  7 orc warriors
  2 black bears
  7 ogres
  4 centaurs
  5 big kobolds (D:10)
  6 bullfrogs
  4 gnoll sergeants (D:10)
  4 scorpions
  12 killer bees
  13 wights
  2 howler monkeys (D:8)
  A bullfrog zombie (D:7)
  2 jellies
  A quasit (D:7)
  An iron imp (D:6)
  4 hounds
  7 orc priests
  A gnoll shaman (D:6)
  5 iguanas
  3 bullfrog skeletons
  5 worker ants
  9 orc wizards
  3 hound zombies
  A hound skeleton (D:10)
  9 mummies
  A worker ant zombie (D:8)
  7 gnolls
  13 adders
  A howler monkey skeleton (D:5)
  A shadow imp (D:10)
  4 white imps
  2 ufetubi
  3 oozes
  An adder skeleton (D:5)
  A dart slug (D:5)
  3 worms
  6 leopard geckos
  37 orcs
  2 ball pythons (D:1)
  A bat zombie (D:4)
  2 giant cockroaches
  A gnoll zombie (Ossuary)
  4 goblins
  7 hobgoblins
  9 jackals
  9 kobolds
  A quokka (D:10)
  4 bats
  4 frilled lizards
  A goblin zombie (D:4)
  3 hobgoblin zombies (Ossuary)
  2 kobold zombies (Ossuary)
  3 orc zombies
  A quokka skeleton (D:5)
  9 rats
  2 rat zombies (D:4)
287 creatures vanquished.

Vanquished Creatures (collateral kills)
  A hippogriff (D:11)
  A yak (D:2)
  An ogre (D:4)
  A killer bee (D:7)
  A howler monkey (D:11)
  An orc (D:8)
6 creatures vanquished.

Vanquished Creatures (others)
  An adder (D:7)
1 creature vanquished.

Grand Total: 294 creatures vanquished

Notes
Turn   | Place    | Note
-------+----------+-------------------------------------------
     0 | D:1      | Apogee the Minotaur Chaos Knight began the quest for the
                  | Orb.
     0 | D:1      | Reached XP level 1. HP: 19/19 MP: 0/0
   170 | D:1      | Reached XP level 2. HP: 25/27 MP: 1/1
   222 | D:1      | Reached skill level 4 in Axes
   281 | D:1      | XOM: silly message
   476 | D:1      | XOM: silly message
   997 | D:1      | XOM: summons 2 hostile demons
  1198 | D:1      | XOM: summons 2 hostile demons
  1199 | D:1      | Noticed a crimson imp
  1199 | D:1      | Noticed a crimson imp
  1293 | D:1      | XOM: silly message
  1433 | D:2      | Noticed a yak
  1433 | D:2      | a worm changed into a yak
  1438 | D:2      | HP: 1/27 [yak (13)]
  1438 | D:2      | XOM: butterfly on damage
  1439 | D:2      | XOM: cast spell 'Summon Horrible Things'
  1441 | D:2      | Killed a yak
  1441 | D:2      | Reached skill level 5 in Axes
  1441 | D:2      | Reached XP level 3. HP: 2/34 MP: 2/2
  1441 | D:2      | Reached XP level 4. HP: 2/41 MP: 3/3
  1441 | D:2      | Reached XP level 5. HP: 2/47 MP: 4/4
  1637 | D:2      | XOM: summons 1 hostile shadow creature
  1749 | D:2      | XOM: noise
  1979 | D:2      | Found a shimmering altar of Xom.
  1980 | D:2      | Found a hazy altar of Hepliaklqana.
  1981 | D:2      | Noticed a spectral ugly thing
  2140 | D:2      | Found a snail-covered altar of Cheibriados.
  2141 | D:2      | Found a white marble altar of Elyvilon.
  2143 | D:2      | Found an opulent altar of Gozag.
  2143 | D:2      | Found a shimmering blue altar of Sif Muna.
  2144 | D:2      | Found a glowing golden altar of the Shining One.
  2144 | D:2      | Found a bloodstained altar of Trog.
  2145 | D:2      | Found an ornate altar of the Wu Jian Council.
  3258 | D:3      | XOM: noise
  3422 | D:4      | XOM: noise
  3489 | D:4      | Reached XP level 6. HP: 41/55 MP: 5/5
  3511 | D:4      | XOM: butterfly on damage
  3547 | D:3      | XOM: divination: detect creatures
  3588 | D:3      | XOM: divination: detect items
  3756 | D:4      | Reached skill level 6 in Axes
  3842 | D:4      | Found a sand-covered staircase.
  3846 | Ossuary  | Entered an ossuary
  3862 | Ossuary  | Reached skill level 5 in Fighting
  4377 | Ossuary  | XOM: silly message
  4493 | D:4      | Reached XP level 7. HP: 61/61 MP: 6/6
  4618 | D:4      | XOM: god gift: 770 gold pieces
  4739 | D:4      | Found an ancient bone altar of Kikubaaqudgha.
  4800 | D:4      | XOM is BORED!
  4800 | D:4      | XOM: summons 4 hostile demons
  5061 | D:4      | Reached skill level 7 in Axes
  5288 | D:4      | XOM: scenery: 2 doors close
  5372 | D:4      | Reached skill level 5 in Armour
  5516 | D:5      | Entered Level 5 of the Dungeon
  5699 | D:5      | XOM: give mutations
  5699 | D:5      | Gained mutation: You have a pair of large horns on your
                  | head. [Xom's mischief]
  5699 | D:5      | Gained mutation: Your body sometimes deteriorates upon
                  | taking damage. [Xom's mischief]
  5699 | D:5      | Gained mutation: Scrolls take you a little longer to read.
                  | [Xom's mischief]
  5707 | D:5      | XOM: 3-stop teleportation journey
  6028 | D:5      | Reached XP level 8. HP: 61/70 MP: 7/7
  6177 | D:5      | Reached skill level 8 in Axes
  6201 | D:5      | Found a staircase to the Ecumenical Temple.
  6205 | D:5      | XOM: confusion
  6390 | D:5      | XOM: 3-stop teleportation journey
  6715 | D:5      | XOM: summons 1 hostile shadow creature
  6906 | D:6      | Reached skill level 5 in Dodging
  7045 | D:6      | XOM: blink monster(s)
  7086 | D:6      | XOM: give mutations
  7086 | D:6      | Gained mutation: Scrolls take you longer to read. [Xom's
                  | mischief]
  7086 | D:6      | Gained mutation: You are clumsy. (Dex -2) [Xom's mischief]
  7226 | D:6      | Reached skill level 9 in Axes
  7344 | D:6      | XOM: give mutation
  7344 | D:6      | Gained mutation: Your muscles are strong. (Str +2) [Xom's
                  | mischief]
  7362 | D:6      | XOM: smoke on damage
  7730 | D:6      | Got a fading leather armour
  7762 | D:6      | XOM: draining
  7797 | D:6      | XOM: give mutations
  7797 | D:6      | Gained mutation: You have sharp toenails. [Xom's mischief]
  7797 | D:6      | Gained mutation: Your body often deteriorates upon taking
                  | damage. [Xom's mischief]
  7919 | D:6      | Found a snail-covered altar of Cheibriados.
  8015 | D:7      | XOM: enchant monster (bad)
  8031 | D:7      | Reached XP level 9. HP: 61/79 MP: 8/8
  8160 | D:7      | XOM: confusion
  8161 | D:7      | XOM: summons friendly iron imp
  8162 | D:7      | XOM: enchant monster (good)
  8296 | D:7      | Reached skill level 10 in Axes
  8673 | D:7      | XOM: noise
  8738 | D:7      | Identified the +5 leather armour of Jirymp {rC+} (You found
                  | it on level 6 of the Dungeon)
  8853 | D:7      | Reached skill level 1 in Shields
  9091 | D:7      | XOM: give mutations
  9091 | D:7      | Gained mutation: You are dopey. (Int -2) [Xom's mischief]
  9091 | D:7      | Gained mutation: You are very clumsy. (Dex -4) [Xom's
                  | mischief]
  9179 | D:7      | XOM: give mutations
  9179 | D:7      | Gained mutation: You are frail. (-10% HP) [Xom's mischief]
  9179 | D:7      | Lost mutation: You are frail. (-10% HP) [Xom's mischief]
  9179 | D:7      | Lost mutation: Scrolls take you longer to read. [Xom's
                  | mischief]
  9291 | D:8      | XOM: 1-stop teleportation journey
  9294 | D:8      | XOM: summons friendly iron imp
  9456 | D:8      | XOM: stat loss: -1 Dex (6/7)
  9609 | D:8      | Found Horupp's Magic Scroll Shop.
  9617 | D:8      | XOM: potion effect (heal wounds)
  9623 | D:8      | Reached skill level 11 in Axes
  9625 | D:8      | XOM: repel stairs
  9803 | D:8      | Bought a scroll of brand weapon for 280 gold pieces
  9803 | D:8      | Bought a scroll of immolation for 49 gold pieces
  9829 | D:8      | XOM: summons friendly shadow imp
 10118 | D:8      | Reached XP level 10. HP: 78/90 MP: 9/9
 10219 | D:8      | XOM: give mutations
 10219 | D:8      | Lost mutation: Your muscles are strong. (Str +2) [Xom's
                  | mischief]
 10219 | D:8      | Lost mutation: Scrolls take you a little longer to read.
                  | [Xom's mischief]
 10219 | D:8      | Lost mutation: You are dopey. (Int -2) [Xom's mischief]
 10255 | D:9      | XOM: noise
 10373 | D:9      | XOM: noise
 10574 | D:9      | Noticed a two-headed ogre
 10595 | D:9      | a two-headed ogre changed into a snapping turtle
 10649 | D:9      | XOM is BORED!
 10649 | D:9      | XOM: give mutations
 10649 | D:9      | Gained mutation: You are partially covered in slimy green
                  | scales. (AC +2) [Xom's mischief]
 10649 | D:9      | Lost mutation: You have sharp toenails. [Xom's mischief]
 10674 | D:9      | XOM: torment (21/90 hp)
 11007 | D:9      | Found a hide-covered altar of Uskayaw.
 11098 | D:9      | XOM: 2-stop teleportation journey
 11099 | D:9      | Noticed a cyclops
 11110 | D:9      | Killed a cyclops
 11434 | D:10     | Entered Level 10 of the Dungeon
 11513 | D:10     | Reached skill level 12 in Axes
 11523 | D:10     | XOM: confusion (+ monsters)
 11629 | D:10     | XOM: swap monsters
 11689 | D:10     | Noticed a gargoyle
 11698 | D:10     | XOM: divination: magic mapping
 11699 | D:10     | XOM: cast spell 'Monstrous Menagerie'
 11703 | D:10     | Killed a gargoyle
 11969 | D:10     | XOM: cleaving
 12006 | D:10     | Reached skill level 5 in Shields
 12036 | D:10     | XOM: cloud trail
 12145 | D:10     | XOM: confusion (+ monsters)
 12177 | D:10     | XOM: 3-stop teleportation journey
 12355 | D:10     | Reached XP level 11. HP: 95/97 MP: 10/10
 12393 | D:10     | Found a staircase to the Orcish Mines.
 12395 | D:10     | XOM: potion effect (haste)
 12404 | D:10     | XOM: divination: detect items
 12406 | D:10     | XOM: noise
 12409 | D:10     | XOM: blink monster(s)
 12499 | D:10     | XOM: give mutations
 12499 | D:10     | Lost mutation: You are very clumsy. (Dex -4) [Xom's
                  | mischief]
 12499 | D:10     | Gained mutation: Armour fits poorly on your strangely
                  | shaped body. [Xom's mischief]
 12634 | D:10     | XOM: give mutations
 12634 | D:10     | Gained mutation: You are partially covered in iridescent
                  | scales. (AC +2) [Xom's grace]
 12634 | D:10     | Gained mutation: Your natural rate of healing is unusually
                  | fast. [Xom's grace]
 12742 | D:10     | XOM: noise
 12879 | D:11     | Found a staircase to the Lair.
 12883 | D:11     | XOM: summons 2 friendly demons
 12884 | D:11     | XOM: fog
 12895 | D:11     | Reached skill level 13 in Axes
 12903 | D:11     | Noticed Erolcha
 12904 | D:11     | HP: 4/99 [centaur/arrow (2)]
 12904 | D:11     | Shot with an arrow by a centaur

Illustrated notes

Levels and vault maps discovered:
D:1:      matt_arrival_diagonals, layout_loops_corners
D:2:      layout_loops_cross, regret_index_temple_of_mockery,
          grunt_temple_overflow_open, lightli_corner_chamber
D:3:      layout_loops_ring
D:4:      layout_basic, lemuel_zombie_altar_kikubaaqudgha,
          nicolae_ossuary_entry_giza, gup_sewer_entry_bowl,
          kennysheep_opposing_triangles
D:5:      minmay_chambers_of_threes, layout_loops_ring,
          minmay_temple_entry_poolview, minmay_misc_feat_rugged
D:6:      kennysheep_spiral_hall, layout_loops_ring, chei_slow_surprise
D:7:      layout_loops_ring, minmay_misc_feat_diagonals
D:8:      layout_basic, serial_shops, nicolae_shop_stone
D:9:      layout_roguey, eat_drink_and_be_merry_uskayaw
D:10:     layout_rooms, kennysheep_orc_monster_closet_entryway, minivault_1,
          chequers_serial_rivers_micro_d
D:11:     layout_big_octagon, david_lair_generic, uniq_erolcha, uniq_harold

Skill      XL: |  1  2  3  4  5  6  7  8  9 10 11 |
---------------+----------------------------------+-----
Axes           | 5 6 7 9 11 12 13 | 13.0
Fighting       | 4 5 6 7 8 9 |  9.8
Armour         | 3 4 5 6 8 9 |  9.5
Dodging        | 2 3 4 5 6 8 |  8.4
Shields        | 2 5 |  5.8

Action                   |  1- 3 |  4- 6 |  7- 9 | 10-12 || total
-------------------------+-------+-------+-------+-------++-------
Melee: Hand axe          |    75 |    63 |       |       ||   138
       Headbutt          |    15 |    17 |    49 |    29 ||   110
       War axe           |       |    47 |   388 |   289 ||   724
       Kick              |       |       |    21 |       ||    21
Evoke: Wand              |       |       |       |    11 ||    11
  Use: Potion            |       |       |     1 |     3 ||     4
       Scroll            |       |       |    13 |       ||    13
 Stab: Petrifying        |     1 |       |       |       ||     1
       Sleeping          |       |       |     1 |     1 ||     2
Armor: Leather armour    |    37 |     6 |    26 |   117 ||   186
       Scale mail        |       |    28 |   126 |       ||   154
Dodge: Dodged            |    52 |    63 |   276 |   206 ||   597
Block: Tower shield      |       |       |     8 |       ||     8
       Kite shield       |       |       |       |    21 ||    21

Table legend: (Time is in decaauts)
 A = Elapsed time spent in this place.
 B = Non-inter-level travel time spent in this place.
 C = Inter-level travel time spent in this place.
 D = Time resting spent in this place.
 E = Time spent auto-exploring this place.
 F = Levels seen in this place.
 G = Mean time per level.
                   A        B        C        D        E       F      G
               +--------+--------+--------+--------+--------+-----+--------+
         Total |  12892 |  12355 |    537 |   2020 |   8304 |  12 | 1074.3 |
       Dungeon |  12319 |  11782 |    537 |   1757 |   8096 |  11 | 1119.9 |
       Ossuary |    572 |    572 |      0 |    263 |    208 |   1 |  572.0 |
               +--------+--------+--------+--------+--------+-----+--------+

Top non-repeatable levels by time:
     D:1: 1459 daAuts
    D:10: 1401 daAuts
     D:4: 1308 daAuts
     D:6: 1277 daAuts
     D:5: 1218 daAuts
     D:7: 1196 daAuts
     D:2: 1184 daAuts
     D:9: 1172 daAuts
     D:8: 1047 daAuts
     D:3: 1031 daAuts
 Ossuary: 572 daAuts
    D:11: 24 daAuts
